TOP OF THE 1ST |
Winnipeg Goldeyes batting - Pitching for Oakland Oaks : RHP Dan Rohrbach
|
Pitching: RHP Dan Rohrbach
|
|
Batting: RHB Caleb Bockmann
|
0-0: Ball 1-0: Ball 2-0: Called Strike 2-1: Fly out, F7 (Flyball, 7S, EV 89.4 MPH)
|
Batting: LHB Jon Ventura
|
0-0: Ball 1-0: Ball 2-0: Ball 3-0: Called Strike 3-1: Foul Ball, location: 2F 3-2: SINGLE (Line Drive, 4D, EV 100.6 MPH)
|
Batting: RHB Tim Carter
|
0-0: Called Strike 0-1: Foul Ball, location: 2F 0-2: Ball 1-2: Strikes out swinging
|
Batting: LHB Marshall Daul
|
0-0: Called Strike 0-1: Ball 1-1: Swinging Strike 1-2: Strikes out swinging
|
Top of the 1st over - 0 runs, 1 hit, 0 errors, 1 left on base; Winnipeg 0 - Oakland 0 |
BOTTOM OF THE 1ST |
Oakland Oaks batting - Pitching for Winnipeg Goldeyes : LHP Ricky Lopez
|
Pitching: LHP Ricky Lopez
|
|
Batting: RHB Chris Bohm
|
0-0: Called Strike 0-1: Foul Ball, location: 2F 0-2: Ball 1-2: SINGLE (Line Drive, 8RS, EV 105.0 MPH)
|
Batting: RHB Scott Lister
|
0-0: Ball 1-0: Foul Ball, location: 2F 1-1: Ball 2-1: Fly out, F9 (Flyball, 9, EV 91.9 MPH)
|
Batting: RHB Chris Temple
|
0-0: Called Strike 0-1: Ball 1-1: Ball 2-1: Ball 3-1: Called Strike 3-2: Strikes out looking Chris Bohm is caught stealing 2nd base 2-4 Batter strikes out.
|
Bottom of the 1st over - 0 runs, 1 hit, 0 errors, 0 left on base; Winnipeg 0 - Oakland 0 |
TOP OF THE 2ND |
Winnipeg Goldeyes batting - Pitching for Oakland Oaks : RHP Dan Rohrbach
|
Batting: RHB Sergio Gomez
|
0-0: Ball 1-0: Ball 2-0: Foul Ball, location: 2F 2-1: Ball 3-1: Called Strike 3-2: Base on Balls
|
Batting: LHB David Ramos
|
0-0: Called Strike 0-1: Ball 1-1: Foul Ball, location: 2F 1-2: Ball 2-2: Fly out, F9 (Line Drive, 9, EV 93.1 MPH)
|
Batting: RHB Terry Oetker
|
0-0: Foul Ball, location: 2F 0-1: Foul Ball, location: 2F 0-2: Strikes out swinging
|
Batting: RHB Nestor Moreno
|
0-0: Foul Ball, location: 2F 0-1: Called Strike 0-2: Ball 1-2: Ball 2-2: Strikes out looking
|
Top of the 2nd over - 0 runs, 0 hits, 0 errors, 1 left on base; Winnipeg 0 - Oakland 0 |
BOTTOM OF THE 2ND |
Oakland Oaks batting - Pitching for Winnipeg Goldeyes : LHP Ricky Lopez
|
Batting: RHB Walt Alaniz
|
0-0: Called Strike 0-1: Called Strike 0-2: Ball 1-2: Strikes out swinging
|
Batting: RHB Travis Robinson
|
0-0: Swinging Strike 0-1: Foul Ball, location: 2F 0-2: Strikes out looking
|
Batting: LHB Ed Talamantes
|
0-0: Called Strike 0-1: Foul Ball, location: 2F 0-2: Foul Ball, location: 2F 0-2: Reached on error, E4 (Groundball, 4, EV 86.9 MPH)
|
Batting: RHB Don Burt
|
0-0: Ball 1-0: Ball 2-0: Foul Ball, location: 2F 2-1: Ball 3-1: Base on Balls Ed Talamantes to second
|
Batting: RHB Ricardo Claros
|
0-0: Ball 1-0: Ball 2-0: Ball 3-0: Base on Balls Ed Talamantes to third Don Burt to second
|
Batting: RHB Tim Anderson
|
0-0: Ball 1-0: Called Strike 1-1: Foul Ball, location: 2F 1-2: Foul Ball, location: 2F 1-2: Ball 2-2: Ball 3-2: Base on Balls Ed Talamantes scores Don Burt to third Ricardo Claros to second
|
Batting: RHB Chris Bohm
|
0-0: Called Strike 0-1: Ground out 3-1 (Groundball, 34, EV 108.8 MPH)
|
Bottom of the 2nd over - 1 run, 0 hits, 1 error, 3 left on base; Winnipeg 0 - Oakland 1 |
TOP OF THE 3RD |
Winnipeg Goldeyes batting - Pitching for Oakland Oaks : RHP Dan Rohrbach
|
Batting: RHB Hisao Takei
|
0-0: Swinging Strike 0-1: Swinging Strike 0-2: Ball 1-2: Foul Ball, location: 2F 1-2: Ball 2-2: Fly out, F5 (Popup, 5F, EV 69.4 MPH)
|
Batting: RHB Caleb Bockmann
|
0-0: Ball 1-0: Ball 2-0: Fly out, F7 (Flyball, 78S, EV 85.6 MPH)
|
Batting: LHB Jon Ventura
|
0-0: Called Strike 0-1: Ball 1-1: Foul Ball, location: 2F 1-2: Ground out 4-3 (Groundball, 4, EV 81.2 MPH)
|
Top of the 3rd over - 0 runs, 0 hits, 0 errors, 0 left on base; Winnipeg 0 - Oakland 1 |
BOTTOM OF THE 3RD |
Oakland Oaks batting - Pitching for Winnipeg Goldeyes : LHP Ricky Lopez
|
Batting: RHB Scott Lister
|
0-0: Called Strike 0-1: Swinging Strike 0-2: Ball 1-2: Foul Ball, location: 2F 1-2: Ball 2-2: Strikes out swinging
|
Batting: RHB Chris Temple
|
0-0: Called Strike 0-1: Ball 1-1: Ball 2-1: Ball 3-1: Foul Ball, location: 2F 3-2: Base on Balls
|
Batting: RHB Walt Alaniz
|
0-0: Foul Ball, location: 2F 0-1: Ball 1-1: Ball 2-1: Swinging Strike 2-2: Ball 3-2: Foul Ball, location: 2F 3-2: Strikes out swinging
|
Batting: RHB Travis Robinson
|
0-0: Called Strike 0-1: 2-RUN HOME RUN (Flyball, 78XD, EV 101.9 MPH), Distance : 430 ft
|
Batting: LHB Ed Talamantes
|
0-0: Called Strike 0-1: Ball 1-1: Ball 2-1: Ball 3-1: Foul Ball, location: 2F 3-2: Strikes out swinging
|
Bottom of the 3rd over - 2 runs, 1 hit, 0 errors, 0 left on base; Winnipeg 0 - Oakland 3 |
TOP OF THE 4TH |
Winnipeg Goldeyes batting - Pitching for Oakland Oaks : RHP Dan Rohrbach
|
Batting: RHB Tim Carter
|
0-0: Ball 1-0: Called Strike 1-1: Ball 2-1: Called Strike 2-2: Strikes out swinging
|
Batting: LHB Marshall Daul
|
0-0: Ball 1-0: Foul Ball, location: 2F 1-1: Foul Ball, location: 2F 1-2: Strikes out swinging
|
Batting: RHB Sergio Gomez
|
0-0: Ball 1-0: Called Strike 1-1: Swinging Strike 1-2: Strikes out swinging
|
Top of the 4th over - 0 runs, 0 hits, 0 errors, 0 left on base; Winnipeg 0 - Oakland 3 |
BOTTOM OF THE 4TH |
Oakland Oaks batting - Pitching for Winnipeg Goldeyes : LHP Ricky Lopez
|
Batting: RHB Don Burt
|
0-0: Swinging Strike 0-1: Swinging Strike 0-2: Strikes out swinging
|
Batting: RHB Ricardo Claros
|
0-0: Ball 1-0: Called Strike 1-1: Foul Ball, location: 5F, Error on foul ball, E5 1-2: Foul Ball, location: 2F 1-2: Ball 2-2: Ball 3-2: Foul Ball, location: 2F 3-2: Base on Balls
|
Batting: RHB Tim Anderson
|
0-0: Foul Ball, location: 2F 0-1: Ball 1-1: Ball 2-1: Called Strike 2-2: Strikes out looking
|
Batting: RHB Chris Bohm
|
0-0: Foul Ball, location: 2F 0-1: Ball 1-1: Ball 2-1: Fly out, F6 (Popup, 6, EV 82.5 MPH)
|
Bottom of the 4th over - 0 runs, 0 hits, 1 error, 1 left on base; Winnipeg 0 - Oakland 3 |
TOP OF THE 5TH |
Winnipeg Goldeyes batting - Pitching for Oakland Oaks : RHP Dan Rohrbach
|
Batting: LHB David Ramos
|
0-0: Foul Ball, location: 2F 0-1: Ball 1-1: Foul Ball, location: 2F 1-2: Ball 2-2: Strikes out swinging
|
Batting: RHB Terry Oetker
|
0-0: Ball 1-0: Called Strike 1-1: Ball 2-1: Foul Ball, location: 2F 2-2: Hit by Pitch
|
Batting: RHB Nestor Moreno
|
0-0: Ball 1-0: Called Strike 1-1: Ball 2-1: Foul Ball, location: 2F 2-2: Strikes out swinging
|
Batting: RHB Hisao Takei
|
0-0: Swinging Strike 0-1: Swinging Strike 0-2: Strikes out swinging
|
Top of the 5th over - 0 runs, 0 hits, 0 errors, 1 left on base; Winnipeg 0 - Oakland 3 |
BOTTOM OF THE 5TH |
Oakland Oaks batting - Pitching for Winnipeg Goldeyes : LHP Ricky Lopez
|
Batting: RHB Scott Lister
|
0-0: Called Strike 0-1: Ground out 6-3 (Groundball, 6, EV 83.1 MPH)
|
Batting: RHB Chris Temple
|
0-0: Ball 1-0: Foul Ball, location: 2F 1-1: Fly out, F7 (Flyball, 7D, EV 99.4 MPH)
|
Batting: RHB Walt Alaniz
|
0-0: Called Strike 0-1: Ball 1-1: Foul Ball, location: 2F 1-2: Foul Ball, location: 2F 1-2: Foul Ball, location: 2F 1-2: Foul Ball, location: 2F 1-2: TRIPLE (Flyball, 78XD, EV 93.1 MPH)
|
Batting: RHB Travis Robinson
|
0-0: Swinging Strike 0-1: Fly out, F8 (Line Drive, 8LXD, EV 95.6 MPH)
|
Bottom of the 5th over - 0 runs, 1 hit, 0 errors, 1 left on base; Winnipeg 0 - Oakland 3 |
TOP OF THE 6TH |
Winnipeg Goldeyes batting - Pitching for Oakland Oaks : RHP Dan Rohrbach
|
Batting: RHB Caleb Bockmann
|
0-0: Ground out 5-3 (Groundball, 5, EV 85.0 MPH)
|
Batting: LHB Jon Ventura
|
0-0: Called Strike 0-1: Ball 1-1: Fly out, F9 (Flyball, 9LMF, EV 95.0 MPH)
|
Batting: RHB Tim Carter
|
0-0: Called Strike 0-1: Foul Ball, location: 2F 0-2: Fly out, F9 (Line Drive, 9D, EV 90.0 MPH)
|
Top of the 6th over - 0 runs, 0 hits, 0 errors, 0 left on base; Winnipeg 0 - Oakland 3 |
BOTTOM OF THE 6TH |
Oakland Oaks batting - Pitching for Winnipeg Goldeyes : LHP Ricky Lopez
|
Batting: LHB Ed Talamantes
|
0-0: Ball 1-0: Called Strike 1-1: Ball 2-1: SINGLE (Line Drive, 8RS, EV 95.0 MPH)
|
Pitching: RHP Olegário Salsinha
|
|
Batting: RHB Don Burt
|
0-0: Ball 1-0: Fielders Choice at 2nd, 4-6 (Groundball, 34, EV 91.9 MPH)
|
Batting: RHB Ricardo Claros
|
0-0: Called Strike 0-1: Ball 1-1: Grounds into double play, 5-4-3 (Groundball, 56S, EV 78.8 MPH)
|
Bottom of the 6th over - 0 runs, 1 hit, 0 errors, 0 left on base; Winnipeg 0 - Oakland 3 |
TOP OF THE 7TH |
Winnipeg Goldeyes batting - Pitching for Oakland Oaks : RHP Dan Rohrbach
|
Batting: LHB Marshall Daul
|
0-0: Ball 1-0: Ball 2-0: Foul Ball, location: 2F 2-1: Ball 3-1: Foul Ball, location: 2F 3-2: Ground out 1-3 (Groundball, 13S, EV 76.2 MPH)
|
Batting: RHB Sergio Gomez
|
0-0: Ball 1-0: Foul Ball, location: 2F 1-1: Ball 2-1: Foul Ball, location: 2F 2-2: Strikes out swinging
|
Batting: LHB David Ramos
|
0-0: Foul Ball, location: 2F 0-1: Ball 1-1: Foul Ball, location: 2F 1-2: Foul Ball, location: 2F 1-2: Strikes out swinging
|
Top of the 7th over - 0 runs, 0 hits, 0 errors, 0 left on base; Winnipeg 0 - Oakland 3 |
BOTTOM OF THE 7TH |
Oakland Oaks batting - Pitching for Winnipeg Goldeyes : RHP Olegário Salsinha
|
Batting: RHB Tim Anderson
|
0-0: Ball 1-0: Called Strike 1-1: Ground out 5-3 (Groundball, 5S, EV 72.5 MPH)
|
Batting: RHB Chris Bohm
|
0-0: Ball 1-0: Foul Ball, location: 2F 1-1: Foul Ball, location: 2F 1-2: Strikes out swinging
|
Batting: RHB Scott Lister
|
0-0: Ball 1-0: Ball 2-0: Swinging Strike 2-1: Ball 3-1: Called Strike 3-2: Base on Balls
|
Batting: RHB Chris Temple
|
0-0: Fly out, F3 (Popup, 34S, EV 71.2 MPH)
|
Bottom of the 7th over - 0 runs, 0 hits, 0 errors, 1 left on base; Winnipeg 0 - Oakland 3 |
TOP OF THE 8TH |
Winnipeg Goldeyes batting - Pitching for Oakland Oaks : RHP Dan Rohrbach
|
Batting: RHB Terry Oetker
|
0-0: Called Strike 0-1: Foul Ball, location: 2F 0-2: Ball 1-2: Strikes out looking
|
Pinch Hitting: LHB Shaun Price
|
0-0: Ball 1-0: Called Strike 1-1: Ball 2-1: Ball 3-1: Called Strike 3-2: Strikes out looking
|
Batting: RHB Hisao Takei
|
0-0: Ball 1-0: Ball 2-0: Called Strike 2-1: Foul Ball, location: 2F 2-2: Strikes out looking
|
Top of the 8th over - 0 runs, 0 hits, 0 errors, 0 left on base; Winnipeg 0 - Oakland 3 |
BOTTOM OF THE 8TH |
Oakland Oaks batting - Pitching for Winnipeg Goldeyes : RHP Olegário Salsinha
|
Now at 1B: Shaun Price
|
|
Now in LF: Jon Ventura
|
|
Now in CF: Marshall Daul
|
|
Batting: RHB Walt Alaniz
|
0-0: Called Strike 0-1: Ball 1-1: Swinging Strike 1-2: Ball 2-2: Strikes out swinging
|
Batting: RHB Travis Robinson
|
0-0: Called Strike 0-1: Ball 1-1: SINGLE (Line Drive, 7S, EV 87.5 MPH)
|
Batting: LHB Ed Talamantes
|
0-0: Foul Ball, location: 2F 0-1: Called Strike Travis Robinson steals 2nd, throwing error, E2 Travis Robinson to third 0-2: Ball 1-2: Strikes out swinging
|
Batting: RHB Don Burt
|
0-0: Ball 1-0: Ball 2-0: Called Strike 2-1: Ball 3-1: Base on Balls
|
Batting: RHB Ricardo Claros
|
0-0: Ball 1-0: Ball 2-0: Ball 3-0: Called Strike 3-1: Base on Balls Don Burt to second
|
Pitching: LHP Willie Jimenez
|
|
Batting: RHB Tim Anderson
|
0-0: Called Strike 0-1: Ball 1-1: Foul Ball, location: 2F 1-2: Ball 2-2: Ball 3-2: SINGLE (Flyball, 56D, EV 84.4 MPH) Travis Robinson scores Don Burt to third Ricardo Claros to second Don Burt scores Ricardo Claros to third
|
Batting: RHB Chris Bohm
|
0-0: Called Strike 0-1: Swinging Strike 0-2: Foul Ball, location: 2F 0-2: Ball 1-2: Strikes out swinging
|
Bottom of the 8th over - 2 runs, 2 hits, 1 error, 2 left on base; Winnipeg 0 - Oakland 5 |
TOP OF THE 9TH |
Winnipeg Goldeyes batting - Pitching for Oakland Oaks : RHP Dan Rohrbach
|
Batting: RHB Caleb Bockmann
|
0-0: Called Strike 0-1: Ground out 5-3 (Groundball, 56, EV 106.9 MPH)
|
Batting: LHB Jon Ventura
|
0-0: Called Strike 0-1: Ground out 6-3 (Groundball, 6, EV 101.2 MPH)
|
Batting: RHB Tim Carter
|
0-0: Ball 1-0: Ball 2-0: Ball 3-0: Called Strike 3-1: SINGLE (Line Drive, 7LS, EV 106.9 MPH)
|
Batting: LHB Marshall Daul
|
0-0: Called Strike 0-1: Ball 1-1: Called Strike 1-2: Strikes out swinging, 2-3 out at first.
|
Top of the 9th over - 0 runs, 1 hit, 0 errors, 1 left on base; Winnipeg 0 - Oakland 5 |
|